TOP OF THE 1ST |
Salem Silver Souls batting - Pitching for West Virginia Power : RHP Rob Woods
|
Pitching: RHP Rob Woods
|
|
Batting: LHB Alonso Contreras
|
0-0: Called Strike 0-1: Foul Ball, location: 2F 0-2: Foul Ball, location: 2F 0-2: SINGLE (Flyball, 7S)
|
Batting: RHB Tom Hughes
|
0-0: Ball 1-0: Ball 2-0: Fly out, F2 (Popup, 25)
|
Batting: SHB Felipe Castro
|
0-0: Ball 1-0: Swinging Strike 1-1: Ball 2-1: Called Strike Alonso Contreras steals 2nd base 2-2: SINGLE (Flyball, 56D) Alonso Contreras to third
|
Batting: RHB Rusty Anderson
|
0-0: Fly out, F7 (Flyball, 78M) Runner from 3rd tags up, SCORES, no throw
|
Batting: SHB Tony Yan
|
0-0: Ball 1-0: Foul Ball, location: 2F 1-1: Swinging Strike 1-2: Ball 2-2: DOUBLE (Flyball, 8LXD) Felipe Castro to third Runner from 3rd tries for Home, SAFE, no throw
|
Batting: SHB Dawson Fowler
|
0-0: Foul Ball, location: 2F 0-1: Fly out, F9 (Line Drive, 9)
|
Top of the 1st over - 2 run(s), 3 hit(s), 0 error(s), 1 left on base; Salem 2 - West Virginia 0 |
BOTTOM OF THE 1ST |
West Virginia Power batting - Pitching for Salem Silver Souls : RHP Víctor Hernández
|
Pitching: RHP Víctor Hernández
|
|
Batting: RHB Luis Quezada
|
0-0: Ball 1-0: DOUBLE (Line Drive, 7LS)
|
Batting: RHB Javier Peña
|
0-0: Called Strike 0-1: Foul Ball, location: 2F 0-2: Strikes out swinging
|
Batting: RHB Mike Ingram
|
0-0: Ball 1-0: Ball 2-0: Foul Ball, location: 2F 2-1: Fly out, F4 (Popup, 4MD)
|
Batting: RHB Tony Parker
|
0-0: Ball 1-0: Ball 2-0: Ball 3-0: Base on Balls
|
Batting: RHB Kelly Graham
|
0-0: Swinging Strike 0-1: Ball 1-1: Called Strike 1-2: Fielders Choice at 2nd, 6-4 (Groundball, 6)
|
Bottom of the 1st over - 0 run(s), 1 hit(s), 0 error(s), 1 left on base; Salem 2 - West Virginia 0 |
TOP OF THE 2ND |
Salem Silver Souls batting - Pitching for West Virginia Power : RHP Rob Woods
|
Batting: RHB Jaime Rodríguez
|
0-0: Ball 1-0: Called Strike 1-1: Fly out, F3 (Popup, 3L)
|
Batting: LHB Balduíno Bruschy
|
0-0: Ball 1-0: Ball 2-0: Called Strike 2-1: Ball 3-1: Fly out, F8 (Flyball, 8RM)
|
Batting: SHB Caleb Hart
|
0-0: Ball 1-0: Called Strike 1-1: Called Strike 1-2: Ball 2-2: Foul Ball, location: 2F 2-2: Ball 3-2: Fly out, F7 (Line Drive, 7LD)
|
Top of the 2nd over - 0 run(s), 0 hit(s), 0 error(s), 0 left on base; Salem 2 - West Virginia 0 |
BOTTOM OF THE 2ND |
West Virginia Power batting - Pitching for Salem Silver Souls : RHP Víctor Hernández
|
Batting: LHB Wally Harris
|
0-0: Called Strike 0-1: Ball 1-1: Called Strike 1-2: SOLO HOME RUN (Flyball, 89XD), Distance : 423 ft
|
Batting: RHB Martín López
|
0-0: Ball 1-0: Ball 2-0: Ball 3-0: Called Strike 3-1: Base on Balls
|
Batting: LHB Burt Ward
|
0-0: Called Strike 0-1: Ball 1-1: Ball 2-1: Foul Ball, location: 2F 2-2: Ball 3-2: Foul Ball, location: 2F Pickoff Throw to First - Error! E1 Martín López to second 3-2: Strikes out swinging
|
Batting: RHB Piotr Zahn
|
0-0: 2-RUN HOME RUN (Line Drive, 7D), Distance : 382 ft
|
Batting: RHB Luis Quezada
|
0-0: Called Strike 0-1: Fly out, F8 (Flyball, 8LM)
|
Batting: RHB Javier Peña
|
0-0: Foul Ball, location: 2F 0-1: Called Strike 0-2: Ball 1-2: Ball 2-2: Foul Ball, location: 2F 2-2: SINGLE (Line Drive, 56)
|
Batting: RHB Mike Ingram
|
0-0: Ball 1-0: Swinging Strike 1-1: Foul Ball, location: 2F 1-2: Ball Javier Peña is caught stealing 2nd base
|
Bottom of the 2nd over - 3 run(s), 3 hit(s), 1 error(s), 0 left on base; Salem 2 - West Virginia 3 |
TOP OF THE 3RD |
Salem Silver Souls batting - Pitching for West Virginia Power : RHP Rob Woods
|
Batting: LHB Alonso Contreras
|
0-0: Ball 1-0: Ball 2-0: Ball 3-0: Called Strike 3-1: Ground out 6-3 (Groundball, 6)
|
Batting: RHB Tom Hughes
|
0-0: Ball 1-0: Swinging Strike 1-1: SINGLE (Groundball, 56) (infield hit)
|
Batting: SHB Felipe Castro
|
0-0: Ball 1-0: Ball 2-0: Called Strike 2-1: Foul Ball, location: 2F 2-2: SINGLE (Line Drive, 6MD) Tom Hughes to second
|
Batting: RHB Rusty Anderson
|
0-0: Grounds into double play, 6-4-3 (Groundball, 6)
|
Top of the 3rd over - 0 run(s), 2 hit(s), 0 error(s), 1 left on base; Salem 2 - West Virginia 3 |
BOTTOM OF THE 3RD |
West Virginia Power batting - Pitching for Salem Silver Souls : RHP Víctor Hernández
|
Batting: RHB Mike Ingram
|
0-0: Called Strike 0-1: Swinging Strike 0-2: Ball 1-2: Ground out 6-3 (Groundball, 6S)
|
Batting: RHB Tony Parker
|
0-0: Foul Ball, location: 2F 0-1: Ball 1-1: Ground out 4-3 (Groundball, 4)
|
Batting: RHB Kelly Graham
|
0-0: Swinging Strike 0-1: Ball 1-1: Ball 2-1: Ball 3-1: Base on Balls
|
Batting: LHB Wally Harris
|
0-0: Ball Kelly Graham is caught stealing 2nd base
|
Bottom of the 3rd over - 0 run(s), 0 hit(s), 0 error(s), 0 left on base; Salem 2 - West Virginia 3 |
TOP OF THE 4TH |
Salem Silver Souls batting - Pitching for West Virginia Power : RHP Rob Woods
|
Batting: SHB Tony Yan
|
0-0: Ball 1-0: Foul Ball, location: 2F 1-1: Ball 2-1: Fly out, F8 (Flyball, 8LM)
|
Batting: SHB Dawson Fowler
|
0-0: Bunted foul 0-1: SINGLE (Groundball, 34D)
|
Batting: RHB Jaime Rodríguez
|
0-0: Called Strike 0-1: Foul Ball, location: 2F 0-2: Ball 1-2: Foul Ball, location: 2F 1-2: Ball Throwing error on steal attempt, E2 Dawson Fowler to third 2-2: Foul Ball, location: 2F 2-2: Foul Ball, location: 2F 2-2: SINGLE (Line Drive, 6D) Dawson Fowler scores
|
Batting: LHB Balduíno Bruschy
|
0-0: Ball 1-0: Grounds into double play, 4-6-3 (Groundball, 4)
|
Top of the 4th over - 1 run(s), 2 hit(s), 1 error(s), 0 left on base; Salem 3 - West Virginia 3 |
BOTTOM OF THE 4TH |
West Virginia Power batting - Pitching for Salem Silver Souls : RHP Víctor Hernández
|
Batting: LHB Wally Harris
|
0-0: Called Strike 0-1: Swinging Strike 0-2: Ball 1-2: Strikes out looking
|
Batting: RHB Martín López
|
0-0: Ball 1-0: Swinging Strike 1-1: Foul Ball, location: 2F 1-2: Foul Ball, location: 2F 1-2: Strikes out swinging
|
Batting: LHB Burt Ward
|
0-0: Called Strike 0-1: Swinging Strike 0-2: Ball 1-2: Foul Ball, location: 2F 1-2: SINGLE (Line Drive, 7S)
|
Batting: RHB Piotr Zahn
|
0-0: Called Strike 0-1: Ball 1-1: SINGLE (Line Drive, 4MD) Burt Ward to second Runner from 2nd tries for 3rd, SAFE, throw made to third
|
Batting: RHB Luis Quezada
|
0-0: Ball 1-0: Called Strike 1-1: Fielders Choice at 2nd, 5-4 (Groundball, 5L)
|
Bottom of the 4th over - 0 run(s), 2 hit(s), 0 error(s), 1 left on base; Salem 3 - West Virginia 3 |
TOP OF THE 5TH |
Salem Silver Souls batting - Pitching for West Virginia Power : RHP Rob Woods
|
Batting: SHB Caleb Hart
|
0-0: Foul Ball, location: 2F 0-1: Foul Ball, location: 2F 0-2: Ball 1-2: Foul Ball, location: 2F 1-2: Ball 2-2: Ball 3-2: Foul Ball, location: 2F 3-2: Fly out, F4 (Popup, 4S)
|
Batting: LHB Alonso Contreras
|
0-0: Swinging Strike 0-1: Called Strike 0-2: Ball 1-2: Strikes out looking
|
Batting: RHB Tom Hughes
|
0-0: Called Strike 0-1: Called Strike 0-2: Ball 1-2: SOLO HOME RUN (Flyball, 7LD), Distance : 341 ft
|
Batting: SHB Felipe Castro
|
0-0: Foul Ball, location: 2F 0-1: Fly out, F7 (Flyball, 7S)
|
Top of the 5th over - 1 run(s), 1 hit(s), 0 error(s), 0 left on base; Salem 4 - West Virginia 3 |
BOTTOM OF THE 5TH |
West Virginia Power batting - Pitching for Salem Silver Souls : RHP Víctor Hernández
|
Batting: RHB Javier Peña
|
0-0: Ball 1-0: Called Strike 1-1: SINGLE (Groundball, 56D)
|
Batting: RHB Mike Ingram
|
0-0: Ball 1-0: Ball 2-0: SINGLE (Line Drive, 9S) Javier Peña to second Runner from 2nd tries for 3rd, SAFE, no throw
|
Batting: RHB Tony Parker
|
0-0: Foul Ball, location: 2F 0-1: Ball 1-1: Ball 2-1: Foul Ball, location: 2F 2-2: Ball Mike Ingram steals 2nd base 3-2: Foul Ball, location: 2F 3-2: Strikes out looking
|
Batting: RHB Kelly Graham
|
0-0: Ball 1-0: Foul Ball, location: 2F 1-1: Foul Ball, location: 2F 1-2: Strikes out looking
|
Pitching: RHP Héctor Montoya
|
|
Batting: LHB Wally Harris
|
0-0: Foul Ball, location: 2F 0-1: Ball 1-1: Called Strike 1-2: Ball 2-2: Strikes out looking
|
Bottom of the 5th over - 0 run(s), 2 hit(s), 0 error(s), 2 left on base; Salem 4 - West Virginia 3 |
TOP OF THE 6TH |
Salem Silver Souls batting - Pitching for West Virginia Power : RHP Rob Woods
|
Batting: RHB Rusty Anderson
|
0-0: Called Strike 0-1: Called Strike 0-2: Ball 1-2: Foul Ball, location: 2F 1-2: Ball 2-2: Ball 3-2: Strikes out looking
|
Batting: SHB Tony Yan
|
0-0: Ball 1-0: Called Strike 1-1: Called Strike 1-2: Strikes out swinging
|
Batting: SHB Dawson Fowler
|
0-0: SINGLE (Groundball, 4MD)
|
Pitching: RHP Tomás Hurtado
|
|
Batting: RHB Jaime Rodríguez
|
0-0: Ball Wild Pitch! Dawson Fowler to second 1-0: Called Strike 1-1: Foul Ball, location: 2F 1-2: Strikes out swinging
|
Top of the 6th over - 0 run(s), 1 hit(s), 0 error(s), 1 left on base; Salem 4 - West Virginia 3 |
BOTTOM OF THE 6TH |
West Virginia Power batting - Pitching for Salem Silver Souls : RHP Héctor Montoya
|
Batting: RHB Martín López
|
0-0: Fly out, F9 (Flyball, 9)
|
Batting: LHB Burt Ward
|
0-0: Ball 1-0: SINGLE (Groundball, 4MD)
|
Batting: RHB Piotr Zahn
|
0-0: Called Strike 0-1: Foul Ball, location: 2F 0-2: Foul Ball, location: 2F 0-2: Ball 1-2: SINGLE (Line Drive, 7S) Burt Ward to second
|
Batting: RHB Luis Quezada
|
0-0: Ball Burt Ward is caught stealing 3rd base Piotr Zahn to second 1-0: Foul Ball, location: 2F 1-1: Ground out 5-3 (Groundball, 56)
|
Bottom of the 6th over - 0 run(s), 2 hit(s), 0 error(s), 1 left on base; Salem 4 - West Virginia 3 |
TOP OF THE 7TH |
Salem Silver Souls batting - Pitching for West Virginia Power : RHP Tomás Hurtado
|
Batting: LHB Balduíno Bruschy
|
0-0: Ball 1-0: SINGLE (Flyball, 7S)
|
Batting: SHB Caleb Hart
|
0-0: Bunted foul 0-1: Bunted foul 0-2: Foul Ball, location: 2F 0-2: Strikes out swinging
|
Pinch Hitting: LHB Hamilton Hughes
|
0-0: Ball 1-0: Called Strike 1-1: Foul Ball, location: 2F 1-2: Foul Ball, location: 2F 1-2: Ball 2-2: Fly out, F8 (Flyball, 8LD)
|
Pinch Hitting: LHB Howard Holder
|
0-0: Ball 1-0: Called Strike 1-1: Fly out, F8 (Flyball, 78M)
|
Top of the 7th over - 0 run(s), 1 hit(s), 0 error(s), 1 left on base; Salem 4 - West Virginia 3 |
BOTTOM OF THE 7TH |
West Virginia Power batting - Pitching for Salem Silver Souls : RHP Héctor Montoya
|
Now at 2B: Adam Thomas
|
|
Now at SS: Elpidio Martinho
|
|
Batting: RHB Javier Peña
|
0-0: Foul Ball, location: 2F 0-1: Ball 1-1: Ball 2-1: Swinging Strike 2-2: Ball 3-2: Foul Ball, location: 2F 3-2: Base on Balls
|
Batting: RHB Mike Ingram
|
0-0: Called Strike 0-1: Ball 1-1: Ball 2-1: Ball 3-1: Ground out 6-3 (Groundball, 6S) Javier Peña to second
|
Batting: RHB Tony Parker
|
0-0: Ball 1-0: Foul Ball, location: 2F 1-1: Ball 2-1: Swinging Strike 2-2: Ground out 6-3 (Groundball, 6) Javier Peña to third
|
Batting: RHB Kelly Graham
|
0-0: Fly out, F8 (Flyball, 8RXD)
|
Bottom of the 7th over - 0 run(s), 0 hit(s), 0 error(s), 1 left on base; Salem 4 - West Virginia 3 |
TOP OF THE 8TH |
Salem Silver Souls batting - Pitching for West Virginia Power : RHP Tomás Hurtado
|
Batting: SHB Felipe Castro
|
0-0: Ball 1-0: Called Strike 1-1: TRIPLE (Flyball, 89XD)
|
Batting: RHB Rusty Anderson
|
0-0: Called Strike 0-1: Fly out, F8 (Flyball, 8LM) Runner from 3rd tags up, SCORES, throw made
|
Batting: SHB Tony Yan
|
0-0: Ball 1-0: Ball 2-0: Foul Ball, location: 2F 2-1: Ball 3-1: Called Strike 3-2: SOLO HOME RUN (Flyball, 9LD), Distance : 324 ft
|
Pitching: RHP António Zapata
|
|
Batting: SHB Dawson Fowler
|
0-0: Ball 1-0: Ball 2-0: Foul Ball, location: 2F 2-1: Foul Ball, location: 2F 2-2: Strikes out looking
|
Batting: RHB Jaime Rodríguez
|
0-0: Foul Ball, location: 2F 0-1: Ball 1-1: Called Strike 1-2: Strikes out swinging, 2-3 out at first.
|
Top of the 8th over - 2 run(s), 2 hit(s), 0 error(s), 0 left on base; Salem 6 - West Virginia 3 |
BOTTOM OF THE 8TH |
West Virginia Power batting - Pitching for Salem Silver Souls : RHP Héctor Montoya
|
Batting: LHB Wally Harris
|
0-0: Ball 1-0: Foul Ball, location: 2F 1-1: SINGLE (Groundball, 34S) (infield hit)
|
Pitching: RHP Taylor Bowen
|
|
Batting: RHB Martín López
|
0-0: Ball 1-0: Ball 2-0: Fielders Choice at 2nd, 5-4 (Groundball, 5)
|
Batting: LHB Burt Ward
|
0-0: Ball 1-0: Swinging Strike 1-1: Ball 2-1: Foul Ball, location: 2F 2-2: Strikes out swinging
|
Batting: RHB Piotr Zahn
|
0-0: DOUBLE (Line Drive, 89D) Martín López to third Runner from 3rd tries for Home, SAFE, no throw
|
Batting: RHB Luis Quezada
|
0-0: Ball 1-0: TRIPLE (Line Drive, 9LM) Piotr Zahn scores
|
Batting: RHB Javier Peña
|
0-0: Called Strike 0-1: Ball 1-1: 2-RUN HOME RUN (Flyball, 8RD), Distance : 409 ft
|
Batting: RHB Mike Ingram
|
0-0: Fly out, F7 (Flyball, 7)
|
Bottom of the 8th over - 4 run(s), 4 hit(s), 0 error(s), 0 left on base; Salem 6 - West Virginia 7 |
TOP OF THE 9TH |
Salem Silver Souls batting - Pitching for West Virginia Power : RHP António Zapata
|
Pitching: RHP Bill Hendricks
|
|
Now at C: Daniel Martínez
|
|
Now at 3B: Ron Guillén
|
|
Batting: LHB Balduíno Bruschy
|
0-0: Fly out, F8 (Flyball, 78S)
|
Pinch Hitting: LHB Lyle Wilson
|
0-0: Ball 1-0: Ground out 1-3 (Groundball, 13)
|
Batting: RHB Adam Thomas
|
0-0: Ball 1-0: Fly out, F7 (Line Drive, 7S)
|
Top of the 9th over - 0 run(s), 0 hit(s), 0 error(s), 0 left on base; Salem 6 - West Virginia 7 |
|